 Dungeon Crawl Stone Soup version 0.19.4 (console) character file.

3897 itsmu the Geomancer (level 10, -5/69 HPs)
             Began as a Formicid Earth Elementalist on Feb 3, 2017.
             Was an Initiate of Gozag.
             Slain by a white ugly thing (20 damage)
             ... on level 8 of the Dungeon.
             The game lasted 00:37:54 (11179 turns).

itsmu the Geomancer (Formicid Earth Elementalist)  Turns: 11179, Time: 00:37:54

Health: -5/69      AC:  7    Str: 14    XL:     10   Next: 43%
Magic:  16/20      EV: 13    Int: 17    God:    Gozag
Gold:   618        SH:  4    Dex: 11    Spells: 3 memorised, 13 levels left

rFire  . . .     SeeInvis +     (no weapon)
rCold  . . .     Gourm    .     J - +1 robe {MR+}
rNeg   . . .     Faith    .     f - +0 buckler
rPois  +         Spirit   .     (helmet unavailable)
rElec  .         Reflect  .     (no cloak)
rCorr  .         Harm     .     C - +0 pair of gloves
MR     ++...                    r - +2 pair of boots
Stlth  ++........               (no amulet)
                                s - ring of see invisible
                                B - ring of poison resistance

@: no status effects
A: permanent stasis, dig shafts and tunnels, four strong arms, antennae 3
a: Dig, Shaft Self, Potion Petition, Call Merchant, Bribe Branch, Renounce
Religion


You were on level 8 of the Dungeon.
You worshipped Gozag.
Gozag was pleased with you.
You were not hungry.

You visited 2 branches of the dungeon, and saw 9 of its levels.
You also visited: Sewer and Bailey.

You collected 731 gold pieces.
You paid 113 gold pieces to Gozag.

Inventory:

Hand Weapons
 a - a +1 trident
   (You took it off Terence on level 3 of the Dungeon)
 F - a +0 hand axe
   (You found it on level 1 of the Dungeon)
Missiles
 o - 4 needles of paralysis
 H - 31 poisoned needles
Armour
 f - a +0 buckler (worn)
   (You found it on level 5 of the Dungeon)
 j - a +2 leather armour of cold resistance
   (You took it off an orc on level 7 of the Dungeon)
 r - a +2 pair of boots (worn)
   (You found it on level 2 of the Dungeon)
 A - cursed +0 ice dragon scales
   (You found it in a sewer)
 C - a +0 pair of gloves (worn)
   (You found it on level 7 of the Dungeon)
 J - a +1 robe of magic resistance (worn)
   (You found it on level 4 of the Dungeon)
Jewellery
 s - a ring of see invisible (right hand)
   (You found it on level 6 of the Dungeon)
 B - a ring of poison resistance (left hand)
   (You found it on level 3 of the Dungeon)
 D - an uncursed amulet of harm
   (You found it on level 7 of the Dungeon)
Wands
 x - a wand of confusion (21/48)
   (You took it off Ijyb on level 2 of the Dungeon)
Scrolls
 h - 2 scrolls of recharging {unknown}
 k - 3 scrolls of remove curse
 p - a scroll of torment {unknown}
 q - 2 scrolls of amnesia
 u - a scroll of immolation {unknown}
Potions
 g - 2 potions of flight {unknown}
 i - a potion of brilliance {unknown}
 m - 3 potions of cure mutation {!q}
 n - a potion of degeneration {unknown}
 t - 2 potions of ambrosia
 v - a potion of cancellation {unknown}
 w - 4 potions of curing
 z - 3 potions of lignification
 I - a potion of heal wounds {unknown}
 L - a potion of invisibility {unknown}
Books
 e - a book of Geomancy

   Spells                             Type                      Level
   a - Sandblast                      Earth                        1
   b - Passwall                       Transmutation/Earth          2
   c - Stone Arrow                    Conjuration/Earth            3
   d - Petrify                        Transmutation/Earth          4
   e - Lee's Rapid Deconstruction     Earth                        5
Comestibles
 d - 7 bread rations
 l - 2 meat rations


   Skills:
 + Level 2.9 Fighting
 + Level 4.3 Polearms
 + Level 2.9 Dodging
 - Level 2.4 Stealth
 + Level 3.9 Shields
 * Level 6.9 Spellcasting
 + Level 6.9 Conjurations
   Level 1.1 Transmutations
 + Level 9.7 Earth Magic


You had 13 spell levels left.
You knew the following spells:

 Your Spells              Type           Power        Failure   Level  Hunger
a - Sandblast             Erth           #####.       1%          1    None
b - Stone Arrow           Conj/Erth      ####..       1%          3    ##.....
f - Lee's Rapid Deconstr  Erth           #####.....   10%         5    #####..


Dungeon Overview and Level Annotations

Branches:
Dungeon (8/15)             Temple (1/1) D:6
   Lair: D:8-11

Altars:
Ashenzari
Cheibriados
Dithmenos
Elyvilon
Fedhas
Gozag
Hepliaklqana
Kikubaaqudgha
Makhleb
Nemelex Xobeh
Okawaru
Qazlal
Ru
Sif Muna
Trog
Uskayaw
Vehumet
Xom
Yredelemnul
Zin
The Shining One

Shops:
D:4 [   D:5 (

Annotations:
D:2 Sigmund
D:3 1 runed door
D:4 ghost asshole, exclusion: 3 doors, Exporg's ghost, amateur MiFi
D:5 gnoll fort, itsmu's ghost, amateur FoEE


Innate Abilities, Weirdness & Mutations

You are under a permanent stasis effect.
You can dig through walls and to a lower floor.
Your four strong arms can wield two-handed weapons with a shield.
You have a pair of large antennae on your head. (SInv)


Message History

Press: ? - help, Shift-Dir - straight line, f/p - white ugly thing
Aim: a white ugly thing (moderately wounded)
The rocky blast hits the white ugly thing.
The white ugly thing is heavily wounded.
The white ugly thing kicks you but does no damage.
Casting: Sandblast
Confirm with . or Enter, or press ? or * to list all spells.
Aiming: Sandblast
Press: ? - help, Shift-Dir - straight line, f/p - white ugly thing
Aim: a white ugly thing (moderately wounded)
The rocky blast misses the white ugly thing.
You are now empty-handed.
The white ugly thing misses you.
Okay, then.
Unknown command.
Are you sure you want to shaft yourself?
You feel quite a bit more hungry. The white ugly thing kicks you!
* * * LOW HITPOINT WARNING * * *
The white ugly thing freezes you!!
You die...
Your body crumbles into a pile of gold.

......$ #.# ..... #.# ....
#.# ... . #.# .u ... #.# .#
.... #.####.#..... #####
#######.##......... ....#
#.......au..!......
###.#####.####.###.#.......
.##.#........#.# #.##...##.
.##.#.###.##.#.###.. .....
<##.#.# #.##....#######.##.
....#.# #...#.#.# ..#
......# ###.._..# .#
####### ###.### #..


You could see a white ugly thing.

Vanquished Creatures
  Joseph (D:7)
  Prince Ribbit (D:7)
  Grinder (D:3)
  Eustachio (D:5)
  3 orc warriors (D:7)
  2 ice beasts
  2 ogres
  4 centaurs
  3 bullfrogs
  Blork the orc (D:5)
  A scorpion (D:5)
  5 killer bees (D:7)
  4 howler monkeys
  4 crimson imps
  A centaur zombie (D:4)
  A jelly (D:5)
  2 quasits (D:6)
  5 orc priests
  A centaur skeleton (D:4)
  4 hounds
  8 orc wizards
  Ijyb (D:2)
  Terence (D:3)
  Natasha (thrice) (D:2)
  2 iguanas
  3 worker ants
  5 hound skeletons
  A worker ant zombie (D:6)
  A gnoll (D:6)
  15 adders
  A shadow imp (D:5)
  2 oozes
  An adder skeleton (D:4)
  2 adder zombies
  A worm (D:5)
  8 leopard geckos
  32 orcs
  3 ball pythons (D:1)
  13 giant cockroaches
  7 goblins
  6 hobgoblins
  10 jackals
  6 quokkas
  A ball python skeleton (D:3)
  5 bats
  8 frilled lizards
  A jackal skeleton (D:7)
  2 jackal zombies
  11 kobolds
  9 rats
216 creatures vanquished.

Notes
Turn   | Place    | Note
-------+----------+-------------------------------------------
     0 | D:1      | itsmu the Formicid Earth Elementalist began the quest for the Orb.
     0 | D:1      | Reached XP level 1. HP: 13/13 MP: 3/3
   337 | D:1      | Reached XP level 2. HP: 20/20 MP: 1/5
   493 | D:1      | Reached skill level 4 in Earth Magic
  1011 | D:1      | Reached XP level 3. HP: 25/25 MP: 3/6
  1317 | D:1      | Learned a level 3 spell: Stone Arrow
  1370 | D:2      | Noticed Ijyb
  1451 | D:1      | Reached skill level 1 in Fighting
  1761 | D:1      | Reached XP level 4. HP: 30/32 MP: 5/7
  1792 | D:2      | Noticed Natasha
  1796 | D:2      | Killed Natasha
  1843 | D:2      | Reached skill level 5 in Earth Magic
  1991 | D:2      | Reached XP level 5. HP: 37/37 MP: 6/9
  2156 | D:2      | Killed Ijyb
  2156 | D:2      | Reached skill level 1 in Conjurations
  2181 | D:2      | Noticed Sigmund
  2195 | D:2      | Noticed Natasha
  2202 | D:2      | Killed Natasha
  2215 | D:2      | Noticed Natasha
  2220 | D:2      | Killed Natasha
  2224 | D:2      | Reached XP level 6. HP: 26/43 MP: 5/10
  2493 | D:3      | Noticed Terence
  2531 | D:3      | Killed Terence
  2834 | D:3      | Found a glowing drain.
  2867 | Sewer    | Entered a sewer
  3082 | Sewer    | Noticed Purgy
  3146 | D:3      | Noticed Grinder
  3156 | D:3      | Killed Grinder
  3156 | D:3      | Reached skill level 6 in Earth Magic
  3156 | D:3      | Reached XP level 7. HP: 31/48 MP: 3/11
  3224 | D:3      | Learned a level 5 spell: Lee's Rapid Deconstruction
  3870 | D:3      | Found a runed door.
  4312 | D:4      | Noticed Exporg's ghost (amateur MiFi)
  4873 | D:4      | Found Gekkish's Antique Armour Shoppe.
  4937 | D:4      | Reached skill level 1 in Polearms
  4937 | D:4      | Reached skill level 7 in Earth Magic
  5064 | D:3      | Reached XP level 8. HP: 37/54 MP: 0/12
  5919 | D:4      | Reached skill level 5 in Conjurations
  6699 | D:5      | Entered Level 5 of the Dungeon
  7010 | D:5      | Found a faded altar of an unknown god.
  7010 | D:5      | Found a stormy altar of Qazlal.
  7038 | D:5      | Found a faded altar of an unknown god.
  7042 | D:5      | Reached skill level 8 in Earth Magic
  7115 | D:5      | Found a faded altar of an unknown god.
  7116 | D:5      | Found a faded altar of an unknown god.
  7236 | D:5      | Found Meupn's Weapon Shop.
  7351 | D:5      | Found a sacrificial altar of Ru.
  7367 | D:5      | Reached skill level 1 in Shields
  7486 | D:5      | Noticed Eustachio
  7532 | D:5      | Killed Eustachio
  7632 | D:5      | Noticed itsmu's ghost (amateur FoEE)
  7653 | D:5      | Noticed Blork the orc
  7663 | D:5      | Reached XP level 9. HP: 57/59 MP: 10/13
  7667 | D:5      | Killed Blork the orc
  7811 | D:5      | Reached skill level 9 in Earth Magic
  8802 | D:6      | Found a staircase to the Ecumenical Temple.
  8808 | Temple   | Entered the Ecumenical Temple
  9036 | Temple   | Became a worshipper of Gozag Ym Sagoz the Greedy
  9149 | D:7      | Found a flagged portal.
  9164 | Bailey   | Entered a bailey
  9164 | Bailey   | Noticed appiemonkey's ghost (novice MiFi)
  9481 | D:7      | Found a glowing golden altar of the Shining One.
  9637 | D:7      | Reached skill level 5 in Spellcasting
  9739 | D:7      | Noticed Joseph
 10087 | D:7      | Reached XP level 10. HP: 59/66 MP: 2/19
 10255 | D:7      | Found a radiant altar of Vehumet.
 10424 | D:7      | Noticed Prince Ribbit
 10428 | D:7      | Killed Prince Ribbit
 10819 | D:7      | Killed Joseph
 11104 | D:8      | Found a hazy altar of Hepliaklqana.
 11114 | D:8      | Noticed a white ugly thing
 11179 | D:8      | Slain by a white ugly thing

Skill      XL: |  1  2  3  4  5  6  7  8  9 10 |
---------------+-------------------------------+-----
Dodging        | 2 |  2.9
Earth Magic    | 4 5 6 7 8 9 |  9.7
Fighting       | 1 2 |  2.9
Conjurations   | 2 3 4 5 6 |  6.9
Polearms       | 1 2 3 4 |  4.3
Shields        | 1 2 3 |  3.9
Spellcasting   | 6 |  6.9
Stealth        | |  2.4
Transmutations | |  1.1

Action                   |  1- 3 |  4- 6 |  7- 9 | 10-12 || total
-------------------------+-------+-------+-------+-------++-------
Melee: Unarmed           |    12 |       |       |       ||    12
       Hand axe          |     2 |    96 |    34 |       ||   132
       Trident           |       |       |   177 |    45 ||   222
 Cast: Sandblast         |    48 |    52 |   130 |    13 ||   243
       Stone Arrow       |       |     2 |    76 |    25 ||   103
       Lee's Rapid Decon |       |       |     2 |     3 ||     5
Invok: Potion Petition   |       |       |       |     1 ||     1
 Abil: Dig               |     1 |     2 |    15 |     2 ||    20
       Shaft Self        |       |       |       |     1 ||     1
Evoke: Wand              |       |       |       |     1 ||     1
  Use: Scroll            |       |       |    12 |     3 ||    15
 Stab: Sleeping          |       |     1 |     1 |       ||     2
  Eat: Chunk             |     3 |     6 |    26 |       ||    35
       Meat ration       |       |       |     1 |     1 ||     2
       Pizza             |       |       |     1 |       ||     1
       Beef jerky        |       |       |     1 |       ||     1
       Fruit             |       |       |       |     3 ||     3
Armor: Robe              |     9 |    55 |   149 |    12 ||   225
Dodge: Dodged            |    27 |   101 |   274 |    32 ||   434
Block: Buckler           |       |       |    45 |    13 ||    58
